 Dungeon Crawl Stone Soup version 0.18.1-1-g2f07953 (webtiles) character file.

214 oplop the Insei (level 5, -4/35 HPs)
             Began as an Octopode Transmuter on May 7, 2016.
             Slain by Duvessa
             ... wielding a +0 short sword
              (10 damage)
             ... on level 4 of the Dungeon.
             The game lasted 00:04:36 (3444 turns).

oplop the Insei (Octopode Transmuter)               Turns: 3444, Time: 00:04:37

Health: -4/35      AC:  2    Str: 10    XL:     5   Next: 91%
Magic:  9/18       EV: 21    Int: 21    God:
Gold:   163        SH:  0    Dex: 20    Spells: 3 memorised, 3 levels left

rFire  + . .     SeeInvis .       - Unarmed
rCold  + . .     Gourm    .     (shield currently unavailable)
rNeg   . . .     Faith    .     (helmet currently unavailable)
rPois  .         Spirit   .     (no amulet)
rElec  +         Dismiss  .     d - +3 ring of dexterity
rCorr  +         Reflect  .     h - ring of magical power
SustAt .         Harm     .     (no ring)
MR     .....                    (no ring)
Stlth  ++........               (no ring)
                                (no ring)
                                (no ring)
                                (no ring)

@: brilliant, spider-form (expiring), resistant, very slightly contaminated, not
resistant to hostile enchantments, unstealthy
A: almost no armour, (amphibious), 8 rings, (constrict 8), (camouflage 0),
(gelatinous body 0)
a: End Transformation


You were on level 4 of the Dungeon.
You were not hungry.
You were a venomous arachnid creature.
You visited 1 branch of the dungeon, and saw 4 of its levels.

You collected 163 gold pieces.

Inventory:

Missiles
 a - 25 arrows
Jewellery
 d - a +3 ring of dexterity (left front leg)
 h - a ring of magical power (right front leg)
Wands
 u - a wand of digging (9/24)
Scrolls
 f - 3 scrolls of noise {unknown}
 i - 3 scrolls of remove curse {unknown}
 l - a scroll of recharging {unknown}
 m - 4 scrolls of identify {unknown}
 n - a scroll of fog {unknown}
 q - a scroll of enchant weapon {unknown}
 r - 4 scrolls of amnesia {unknown}
 s - 2 scrolls of magic mapping {unknown}
 t - 2 scrolls of teleportation {unknown}
Potions
 e - a potion of brilliance
 w - a potion of cure mutation {unknown}
Books
 b - a book of Changes

   Spells                             Type                      Level
   a - Beastly Appendage              Transmutation                1
   b - Sticks to Snakes               Transmutation                2
   c - Spider Form                    Transmutation/Poison         3
   d - Ice Form                       Ice/Transmutation            4
   e - Blade Hands                    Transmutation                5
 o - a book of Conjurations

   Spells                             Type                      Level
   a - Magic Dart                     Conjuration                  1
   b - Searing Ray                    Conjuration                  2
   c - Dazzling Spray                 Conjuration/Hexes            3
   d - Fulminant Prism                Conjuration/Hexes            4
   e - Iskenderun's Mystic Blast      Conjuration                  4
   f - Iskenderun's Battlesphere      Conjuration/Charms           5
Comestibles
 c - 4 bread rations
 k - 4 beef jerkies
 p - 3 meat rations
 x - 3 fruits


   Skills:
 + Level 2.4 Fighting
 + Level 2.8 Dodging
 + Level 3.8 Unarmed Combat
 + Level 2.8 Spellcasting
 * Level 3.7 Transmutations


You had 3 spell levels left.
You knew the following spells:

 Your Spells              Type           Power        Failure   Level  Hunger
a - Beastly Appendage     Trmt           ####..       1%          1    None
b - Sticks to Snakes      Trmt           ####....     2%          2    ##.....
c - Spider Form           Trmt/Pois      ###.......   5%          3    ###....


Dungeon Overview and Level Annotations

Branches:
Dungeon (4/15)
 Temple: D:4-7

Altars:

Annotations:
D:4 Dowan; Duvessa; Vidiiot's ghost, amateur HOGl


Innate Abilities, Weirdness & Mutations

You cannot wear most types of armour.
((You are amphibious.))
You can wear up to eight rings at the same time.
((You can use your tentacles to constrict eight enemies at once.))
((Your skin changes colour to match your surroundings (Stealth).))
((Your rubbery body absorbs attacks (AC +1).))


Message History

Drink which item? (? for menu, Esc to quit)
It was a potion of brilliance.
You feel clever all of a sudden.
Duvessa hits your ball python with a short sword!
Your ball python dies!
Duvessa completely misses you. Dowan casts a spell at you.
The puff of flame misses you.
Drink which item? (? for menu, Esc to quit)
It was a potion of curing.
You feel better. Duvessa hits you but does no damage.
Dowan casts a spell at you. The puff of flame hits you!
* * * LOW HITPOINT WARNING * * *
Unknown command.
Drink which item? (? for menu, Esc to quit)
It was a potion of resistance.
You feel protected. Duvessa hits you with a short sword!
You die...

......................#........).
#####.#.#####...###.#.#####....##
).......# #.......#..........#
####.#..# #..####.#######....#
#.#..# #..# #########....##
#.#..# #..# .............. #.#..#
#..#######.####.####.
#.#..#####...........###.#####
#.#..........se###.....>......
#.##.......#.e................
#.########.#.#.###..######.##.
####....................e...e....
.....########.#.#.####.##.#######
.....# #.#.#................
.....########.#.######.##+#######
##..........#.#......#.# #
.............<.......... #


You could see Duvessa and Dowan.

Vanquished Creatures
  An orc wizard (D:4)
  An iguana (D:4)
  Terence (D:2)
  A worker ant (D:4)
  5 adders
  2 oozes (D:3)
  4 worms
  A giant gecko (D:2)
  3 orcs
  4 giant cockroaches
  7 goblins
  8 hobgoblins
  2 jackals (D:4)
  3 quokkas
  3 ball pythons
  3 bats (D:2)
  4 giant newts
  4 kobolds
  6 rats
63 creatures vanquished.

Notes
Turn   | Place    | Note
--------------------------------------------------------------
     0 | D:1      | oplop the Octopode Transmuter began the quest for the Orb.
     0 | D:1      | Reached XP level 1. HP: 13/13 MP: 3/3
    83 | D:1      | Reached XP level 2. HP: 14/18 MP: 5/5
   675 | D:2      | Reached XP level 3. HP: 19/23 MP: 6/6
   745 | D:2      | Learned a level 2 spell: Sticks to Snakes
  1171 | D:2      | Reached XP level 4. HP: 18/29 MP: 7/7
  1459 | D:2      | Noticed Terence
  1630 | D:2      | Killed Terence
  2780 | D:3      | Reached XP level 5. HP: 16/34 MP: 8/8
  2860 | D:3      | Learned a level 3 spell: Spider Form
  2886 | D:4      | Noticed Duvessa
  2886 | D:4      | Noticed Dowan
  3163 | D:4      | Noticed Vidiiot's ghost (amateur HOGl)
  3444 | D:4      | Slain by Duvessa

Skill      XL: |  1  2  3  4 |
---------------+-------------+-----
Transmutations | 3 |  3.7
Fighting       | 2 |  2.4
Dodging        | |  2.8
Unarmed Combat | |  3.8
Spellcasting   | |  2.8

Action                   |  1- 3 |  4- 6 || total
-------------------------+-------+-------++-------
Melee: Unarmed           |    71 |    92 ||   163
       Tentacles         |    12 |    12 ||    24
       Constrict         |    20 |    17 ||    37
       Kick              |    19 |    14 ||    33
       Punch             |     5 |     1 ||     6
 Cast: Beastly Appendage |    20 |    13 ||    33
       Sticks to Snakes  |     5 |    10 ||    15
       Spider Form       |       |     5 ||     5
  Use: Potion            |       |     3 ||     3
 Stab: Sleeping          |     4 |     3 ||     7
       Distracted        |       |     1 ||     1
  Eat: Chunk             |     1 |     4 ||     5
       Meat ration       |       |     1 ||     1
Armor: Skin              |     8 |     2 ||    10
Dodge: Dodged            |    42 |    49 ||    91
